AoeStats
← Champy

Arabia

510945258Analyzed
1v1 RM · 14h ago on Oct 3, 2026· 43m 9s· 2 players
Game mode
Random Map
Map size
Tiny (2 player)
Population
200
Speed
Normal
Resources
Standard
Victory
Conquest
Starting age
Dark Age
Ending age
Imperial Age
RankedLock teamsTeams togetherTeam positionsShared explorationLock speedFull tech treeHidden civsTurbo modeCheats
Victory
Defeat
🇵🇹 Magyars · Portugal
1122
+15
🇻🇳 Lithuanians · Vietnam
1106
-15
KẻKhátMáu
6:42 Loom
9:17 Feudal Age
10:30 Man-at-Arms
21:49 Castle Age
19:56 Fletching
20:57 Double-Bit Axe
20:53 Horse Collar
21:04 Gold Mining
22:03 Padded Archer Armor
22:33 Crossbowman
25:44 Scale Barding Armor
28:53 Forging
31:48 Town Watch
32:39 Chain Barding Armor
35:47 Iron Casting
36:15 Elite Skirmisher
38:50 Bodkin Arrow
44:21 Imperial Age
Champy
9:44 Feudal Age
10:35 Double-Bit Axe
15:39 Horse Collar
18:27 Loom
20:46 Wheelbarrow
23:50 Castle Age
21:51 Gold Mining
22:51 Stone Mining
23:28 Bloodlines
24:36 Fletching
25:55 Bow Saw
26:38 Scale Barding Armor
27:58 Husbandry
27:56 Bodkin Arrow
29:32 Heavy Plow
30:06 Town Watch
32:27 Chain Barding Armor
32:46 Thumb Ring
33:41 Fervor
34:20 Hand Cart
34:25 Padded Archer Armor
35:06 Ballistics
34:43 Pikeman
38:36 Imperial Age
36:29 Leather Archer Armor
36:48 Light Cavalry
37:17 Treadmill Crane
37:54 Corvinian Army
39:21 Bracer
39:24 Recurve Bow
40:06 Parthian Tactics
41:07 Two-Man Saw
40:44 Gold Shaft Mining
42:03 Chemistry
40:41 Cavalier
42:11 Heavy Cavalry Archer
Connection lost

Rejoining the realm…

Still unreachable

The connection could not be restored.

Session expired

The server has moved on; the page needs a fresh start.